 Dungeon Crawl Stone Soup version 0.24-a0-539-g6aae15eeb0 (webtiles) character file.

Game seed: 6855236326175800155

488108 DasRunzen the Slayer (level 23, -1/183 HPs)
             Began as a Minotaur Fighter on Aug 17, 2019.
             Was the Champion of Okawaru.
             Splashed by an acid blob's acid (14 damage)
             ... on level 5 of the Pits of Slime.
             The game lasted 02:45:49 (43886 turns).

DasRunzen the Slayer (Minotaur Fighter)            Turns: 43886, Time: 02:45:50

Health: -1/183     AC: 13    Str: 38      XL:     23   Next: 53%
Magic:  35/35      EV: 13    Int:  8      God:    Okawaru [******]
Gold:   4834       SH: 29    Dex:  9 (10) Spells: 22/22 levels left

rFire    + . .     SeeInvis +   H - +9 war axe of the Volcano {flame, Str+7 Stlth+}
rCold    + + .     Gourm    .   F - +4 large shield of Courage {MR++ SInv}
rNeg     + . .     Faith    .   S - +5 gold dragon scales (curse)
rPois    +         Spirit   .   C - +2 hat {Int+3}
rElec    +         Reflect  .   s - +0 cloak "Juituef" {rElec Regen+ Dex-5 Slay+5}
rCorr    .         Harm     .   J - +2 pair of gloves {archery}
MR       +++++     Clarity  +   E - +2 pair of boots {run} Stlth ..........Rnd*Tele +
                                k - amulet of the Four Winds {rN+ MR+++ Clar}
HPRegen  0.00/turn              X - ring of Feyleaqu {rElec rC+ MR- EV+6 Slay+6}
MPRegen  0.24/turn              u - +5 ring of strength

@: corroded, quick
A: retaliatory headbutt, horns 2, berserk 1, clumsy 1, deterioration 2, frail 2,
inhibited regeneration, strong 1, teleportitis 1
}: 3/15 runes: decaying, silver, gossamer
a: Heroism, Finesse, Renounce Religion


You were on level 5 of the Pits of Slime.
You worshipped Okawaru.
Okawaru was exalted by your worship.
You were not hungry.

You visited 9 branches of the dungeon, and saw 45 of its levels.
You also visited: Sewer, Ossuary, Ice Cave and Volcano.

You collected 5385 gold pieces.
You spent 551 gold pieces at shops.

Inventory:

Hand Weapons
 c - the +7 hunting sling of Doors {freeze, +Fly rElec rC- MR++}
   (You found it on level 5 of the Vaults)

   It causes projectiles fired from it to freeze those they strike, causing
   extra injury to most foes and up to half again as much damage against
   particularly susceptible opponents.
   They can also slow down cold-blooded creatures.
   It makes you vulnerable to cold.
   It insulates you from electricity.
   It affects your resistance to hostile enchantments.
   It lets you fly.
 H - the +9 war axe of the Volcano (weapon) {flame, Str+7 Stlth+}
   (Okawaru gifted it to you on level 2 of the Vaults)

   It has been specially enchanted to burn those struck by it, causing extra
   injury to most foes and up to half again as much damage against particularly
   susceptible opponents.
   Big, fiery blades are also staple armaments of hydra-hunters.
   It affects your strength (+7).
   It makes you more stealthy.
 O - a +5 executioner's axe of protection
Missiles
 I - 77 sling bullets
Armour
 s - the +0 cloak "Juituef" (worn) {rElec Regen+ Dex-5 Slay+5}
   (Okawaru gifted it to you on level 11 of the Dungeon)

   It affects your dexterity (-5).
   It affects your accuracy and damage with ranged weapons and melee attacks
   (+5).
   It insulates you from electricity.
   It increases your rate of regeneration.
 C - a +2 hat of intelligence (worn)
 E - a +2 pair of boots of running (worn)
 F - the +4 large shield of Courage (worn) {MR++ SInv}
   (Okawaru gifted it to you on level 6 of the Lair of Beasts)

   It affects your resistance to hostile enchantments.
   It lets you see invisible.
 J - a +2 pair of gloves of archery (worn)
 S - cursed +5 gold dragon scales (worn)
Jewellery
 a - an uncursed ring of see invisible
 k - the amulet of the Four Winds (around neck) {rN+ MR+++ Clar}
   (You found it on level 3 of the Elven Halls)

   [amulet of nothing]

   It protects you from negative energy.
   It affects your resistance to hostile enchantments.
   It protects you against confusion.
 u - a +5 ring of strength (right hand)
 w - an uncursed ring of protection from magic
 y - the ring "Ketaar" {*Slow rElec rF++ rN+ Stlth+}
   (You found it in an ossuary)

   [ring of positive energy]

   It greatly protects you from fire.
   It insulates you from electricity.
   It protects you from negative energy.
   It may slow you when you take damage.
   It makes you more stealthy.
 A - an uncursed ring of resist corrosion
 R - the ring of Phasing {EV+8}
   (You found it on level 3 of the Elven Halls)

   [ring of evasion]

   It affects your evasion (+8).
 X - the ring of Feyleaqu (left hand) {rElec rC+ MR- EV+6 Slay+6}
   (You found it on level 1 of the Swamp)

   [ring of evasion]

   It affects your evasion (+6).
   It affects your accuracy and damage with ranged weapons and melee attacks
   (+6).
   It protects you from cold.
   It insulates you from electricity.
   It affects your resistance to hostile enchantments.
Wands
 b - a wand of flame (110)
 p - a wand of polymorph (50)
 x - a wand of iceblast (66)
 K - a wand of paralysis (5)
 L - a wand of enslavement (33)
 N - a wand of random effects (10)
 V - a wand of digging (10)
 W - a wand of acid (26)
 Y - a wand of scattershot (8)
 Z - a wand of disintegration (15)
Scrolls
 h - 35 scrolls of remove curse
 l - 6 scrolls of fear
 q - 5 scrolls of magic mapping
 r - a scroll of summoning
 t - 12 scrolls of identify
 z - 16 scrolls of teleportation
 M - 5 scrolls of blinking
 P - a scroll of fog
 Q - 2 scrolls of holy word
 T - 2 scrolls of silence
Potions
 d - 7 potions of heal wounds
 e - 4 potions of agility
 g - a potion of cancellation
 i - 15 potions of curing
 j - 12 potions of brilliance
 m - 12 potions of flight
 n - 9 potions of ambrosia
 o - 6 potions of berserk rage
 v - 3 potions of resistance
 D - 2 potions of might
 G - 6 potions of haste
 U - 4 potions of invisibility
Comestibles
 f - 66 rations


   Skills:
 + Level 24.0 Fighting
 + Level 22.5 Axes
 + Level 22.6 Armour
 + Level 18.9 Shields
 + Level 19.1 Invocations


You had 22 spell levels left.
You didn't know any spells.
Your spell library contained the following spells:

 Spells                   Type           Power        Failure   Level  Hunger
 Animate Skeleton         Necr           N/A          99%         1    ##.....
 Apportation              Tloc           #.....       99%         1    ##.....
 Corona                   Hex            #......      99%         1    ##.....
 Flame Tongue             Conj/Fire      #....        99%         1    ##.....
 Infusion                 Chrm           #...         99%         1    ##.....
 Magic Dart               Conj           #...         99%         1    ##.....
 Pain                     Necr           #...         99%         1    ##.....
 Sandblast                Erth           #.....       99%         1    ##.....
 Sting                    Conj/Pois      #...         99%         1    ##.....
 Summon Butterflies       Summ           #.......     99%         1    ##.....
 Summon Small Mammal      Summ           #...         99%         1    ##.....
 Blink                    Tloc           N/A          100%        2    ###....
 Call Imp                 Summ           #.......     100%        2    ###....
 Corpse Rot               Necr           N/A          100%        2    ###....
 Ensorcelled Hibernation  Hex/Ice        #.....       100%        2    ###....
 Passwall                 Tmut/Erth      #.......     100%        2    ###....
 Poisonous Vapours        Pois/Air       #.....       100%        2    ###....
 Shroud of Golubria       Chrm/Tloc      #.....       100%        2    ###....
 Slow                     Hex            #.......     100%        2    ###....
 Sublimation of Blood     Necr           #.........   100%        2    ###....
 Swiftness                Chrm/Air       #.......     100%        2    ###....
 Throw Flame              Conj/Fire      #.....       100%        2    ###....
 Call Canine Familiar     Summ           #.......     100%        3    ####...
 Confuse                  Hex            #.......     100%        3    ####...
 Conjure Flame            Conj/Fire      #.......     100%        3    ####...
 Dazzling Spray           Conj/Hex       #.....       100%        3    ####...
 Gell's Gravitas          Tloc           #.........   100%        3    ####...
 Ignite Poison            Fire/Tmut/Pois #.......     100%        3    ####...
 Inner Flame              Hex/Fire       #.......     100%        3    ####...
 Lesser Beckoning         Tloc           #.........   100%        3    ####...
 Mephitic Cloud           Conj/Pois/Air  #.......     100%        3    ####...
 Ozocubu's Armour         Chrm/Ice       #.......     100%        3    ####...
 Portal Projectile        Hex/Tloc       #.....       100%        3    ####...
 Regeneration             Chrm/Necr      #.........   100%        3    ####...
 Spectral Weapon          Hex/Chrm       #.......     100%        3    ####...
 Stone Arrow              Conj/Erth      #.....       100%        3    ####...
 Summon Guardian Golem    Hex/Summ       #.......     100%        3    ####...
 Teleport Other           Tloc           #.......     100%        3    ####...
 Tukima's Dance           Hex            #.......     100%        3    ####...
 Vampiric Draining        Necr           #.........   100%        3    ####...
 Animate Dead             Necr           N/A          100%        4    #####..
 Cause Fear               Hex            #.........   100%        4    #####..
 Ice Form                 Ice/Tmut       #.......     100%        4    #####..
 Leda's Liquefaction      Hex/Erth       #.........   100%        4    #####..
 Olgreb's Toxic Radiance  Pois           #.......     100%        4    #####..
 Passage of Golubria      Tloc           N/A          100%        4    #####..
 Petrify                  Tmut/Erth      #.......     100%        4    #####..
 Sticky Flame             Conj/Fire      #.......     100%        4    #####..
 Summon Ice Beast         Ice/Summ       #.......     100%        4    #####..
 Summon Lightning Spire   Summ/Air       #.......     100%        4    #####..
 Throw Icicle             Conj/Ice       #.......     100%        4    #####..
 Agony                    Necr           #.......     100%        5    ######.
 Alistair's Intoxication  Tmut/Pois      #.......     100%        5    ######.
 Bolt of Draining         Conj/Necr      #.........   100%        5    ######.
 Bolt of Magma            Conj/Fire/Erth #.........   100%        5    ######.
 Borgnjor's Vile Clutch   Necr/Erth      #.........   100%        5    ######.
 Dispel Undead            Necr           #.......     100%        5    ######.
 Excruciating Wounds      Chrm/Necr      #.........   100%        5    ######.
 Fireball                 Conj/Fire      #.........   100%        5    ######.
 Iskenderun's Battlesphe  Conj/Chrm      #.......     100%        5    ######.
 Lee's Rapid Deconstruct  Erth           #.........   100%        5    ######.
 Metabolic Englaciation   Hex/Ice        #.........   100%        5    ######.
 Silence                  Hex/Air        #.........   100%        5    ######.
 Summon Forest            Summ/Tloc      #.........   100%        5    ######.
 Summon Mana Viper        Hex/Summ       #.......     100%        5    ######.
 Venom Bolt               Conj/Pois      #.........   100%        5    ######.
 Yara's Violent Unravell  Hex/Tmut       #.........   100%        5    ######.
 Bolt of Cold             Conj/Ice       #.........   100%        6    #######
 Bolt of Fire             Conj/Fire      #.........   100%        6    #######
 Darkness                 Hex            #.........   100%        6    #######
 Deflect Missiles         Chrm/Air       #.........   100%        6    #######
 Freezing Cloud           Conj/Ice/Air   #.........   100%        6    #######
 Hydra Form               Tmut           #.........   100%        6    #######
 Invisibility             Hex            #.......     100%        6    #######
 Iron Shot                Conj/Erth      #.........   100%        6    #######
 Ozocubu's Refrigeration  Ice            #.........   100%        6    #######
 Poison Arrow             Conj/Pois      #.........   100%        6    #######
 Shadow Creatures         Summ           N/A          100%        6    #######
 Simulacrum               Ice/Necr       #.........   100%        6    #######
 Statue Form              Tmut/Erth      #........    100%        6    #######
 Haunt                    Necr/Summ      #.........   100%        7    #######
 Malign Gateway           Summ/Tloc      #.........   100%        7    #######
 Monstrous Menagerie      Summ           #.........   100%        7    #######
 Ring of Flames           Chrm/Fire      #.........   100%        7    #######
 Summon Greater Demon     Summ           #.........   100%        7    #######
 Summon Hydra             Summ           #.........   100%        7    #######
 Borgnjor's Revivificati  Necr           #.........   100%        8    #######
 Chain Lightning          Conj/Air       #.........   100%        8    #######
 Death's Door             Chrm/Necr      #.........   100%        8    #######
 Discord                  Hex            #.........   100%        8    #######
 Ignition                 Fire           #.........   100%        8    #######
 Infestation              Necr           #.........   100%        8    #######
 Lehudib's Crystal Spear  Conj/Erth      #.........   100%        8    #######
 Necromutation            Tmut/Necr      #.........   100%        8    #######
 Summon Horrible Things   Summ           #.........   100%        8    #######
 Fire Storm               Conj/Fire      #.........   100%        9    #######
 Glaciate                 Conj/Ice       #.........   100%        9    #######
 Shatter                  Erth           #.........   100%        9    #######


Dungeon Overview and Level Annotations

Branches:
Dungeon (15/15)            Temple (1/1) D:4            Lair (6/6) D:9
  Swamp (4/4) Lair:2       Spider (4/4) Lair:2        Slime (5/5) Lair:6
    Orc (2/2) D:12            Elf (3/3) Orc:2        Vaults (5/5) D:14
  Crypt (0/3) Vaults:2     Depths (0/5) D:15

Altars:
Ashenzari
Cheibriados
Dithmenos
Elyvilon
Fedhas
Gozag
Hepliaklqana
Kikubaaqudgha
Makhleb
Nemelex Xobeh
Okawaru
Qazlal
Ru
Sif Muna
Trog
Uskayaw
Vehumet
Wu Jian
Xom
Yredelemnul
Zin
The Shining One

Shops:
Orc:1 !   Orc:2 *(!:[   Elf:1 %   Elf:2 %   Elf:3 :   Vaults:5 (

Portals:
Trove: D:10 (show slimy rune of Zot)

Annotations:
Lair:2 exclusion: ice statue
Lair:6 exclusion: oklob plant
Elf:2 1 runed translucent door


Innate Abilities, Weirdness & Mutations

You reflexively headbutt those who attack you in melee.
You have a pair of horns on your head.
You tend to lose your temper in combat.
You are clumsy. (Dex -2)
Your body often deteriorates upon taking damage.
You are very frail. (-20% HP)
You do not regenerate when monsters are visible.
Your muscles are strong. (Str +2)
You are occasionally teleported next to monsters.


Message History

Strange energies course through your body.
You feel clumsy. The acid blob spits acid at you.
The splash of acid hits you but does no damage.
The acid corrodes you!
You are splashed with acid!
* * * LOW HITPOINT WARNING * * *
The shining eye gazes at you.
Strange energies course through your body.
You feel frail. The acid blob spits acid at you. You block the splash of acid.
You are too injured to fight recklessly!
The acid blob spits acid at you.
The splash of acid hits you but does no damage.
The acid corrodes you!
You are splashed with acid!
* * * LOW HITPOINT WARNING * * *
The acid blob spits acid at you.
The splash of acid hits you but does no damage.
The acid corrodes you!
You are splashed with acid!
You die...

...... ......#
.......### #.#
.........### .#.#
...........##....
.......<.........
....J...........#
...............##
.........@.......
................#
...G....J.......#
.........J.......
.................
....J...........
...............
...............
...............


You could see 3 acid blobs, a slime creature and a shining eye.

Vanquished Creatures
  Mara (Vaults:3)
  Bai Suzhen (Elf:3)
  Margery (Vaults:2)
  4 tentacled monstrosities
  The ghost of Gall2222 the Severer, an adept HOFi of Beogh (Vaults:2)
  A lich (Vaults:3)
  A quicksilver dragon (Vaults:4)
  12 acid blobs
  Frances (D:14)
  3 deep elf blademasters
  2 deep elf master archers (Elf:3)
  4 titans
  Gastronok (D:8)
  5 sphinxes
  3 storm dragons (Vaults:5)
  5 tengu reavers (Vaults:5)
  A shadow dragon (Vaults:5)
  8 azure jellies
  Donald (Elf:3)
  2 thorn hunters
  3 fire giants
  3 frost giants
  An orc warlord (Orc:1)
  3 ghost moths
  2 iron dragons (Vaults:5)
  9 deep elf sorcerers
  11 vault wardens
  5 deep elf elementalists
  9 ironheart preservers
  9 emperor scorpions
  9 stone giants
  10 entropy weavers
  6 deep elf demonologists
  11 very ugly things
  A vampire knight (Vaults:2)
  7 deep elf annihilators
  10 deep elf death magi
  2 spark wasps
  An eidolon (Vaults:2)
  2 green deaths (Swamp:4)
  A blizzard demon (IceCv)
  10 ettins
  Snorg (Orc:1)
  A death ooze (Slime:4)
  4 deep elf high priests
  Josephine (D:15)
  Erolcha (D:10)
  3 great orbs of eyes
  A fire dragon (Vaults:5)
  12 yaktaur captains
  3 ice dragons
  28 vault guards
  16 hydras
  The ghost of Sinomafy the Protected, a journeyman GnWn of Cheibriados (Spider:4)
  A catoblepas (Lair:5)
  A shambling mangrove (Swamp:2)
  2 death knights (Vaults:2)
  6 ghost crabs
  Erica (D:10)
  4 centaur warriors
  40 two-headed ogres
  13 ogre magi
  13 alligators
  33 dancing weapons
  3 deep troll earth magi
  2 death yaks (Lair:5)
  3 orc high priests (Orc:2)
  6 spriggans
  A tengu warrior (D:15)
  2 titan zombies (Vaults:5)
  5 hell knights
  21 deep elf knights
  2 fire crabs (shapeshifter)
  6 spriggan druids
  3 unseen horrors
  A glowing orange brain (Vaults:5)
  6 swamp dragons
  An unseen horror (shapeshifter) (Vaults:5)
  2 flayed ghosts
  3 wizards
  13 deep trolls
  A wolf spider zombie (D:12)
  A deep troll (shapeshifter) (Vaults:5)
  15 deep elf archers
  A necromancer (Vaults:5)
  3 large abominations (Swamp:4)
  8 phantasmal warriors
  An orb spider (shapeshifter) (Vaults:3)
  17 orb spiders
  20 ironbrand convokers
  14 orc knights
  10 orc sorcerers
  16 harpies
  19 ugly things
  31 wolf spiders
  64 deep elf magi
  4 elephants (Lair:4)
  5 shining eyes
  A frost giant skeleton (Vaults:5)
  17 vault sentinels
  5 cyclopes
  4 apocalypse crabs (Swamp:3)
  A moth of wrath (Spider:4)
  2 manticores
  A cyclops (shapeshifter) (Vaults:5)
  A guardian serpent (shapeshifter) (Elf:2)
  A guardian serpent (Lair:6)
  Joseph (D:7)
  5 eyes of devastation
  8 black mambas
  A titan simulacrum (Vaults:5)
  Psyche (D:10)
  2 ice statues (IceCv)
  A torpor snail (Lair:5)
  3 rime drakes
  26 spiny frogs
  A torpor snail (shapeshifter) (Vaults:5)
  A smoke demon (Volcano)
  13 ice devils (IceCv)
  A kobold demonologist (D:12)
  3 orange demons (Swamp:4)
  10 komodo dragons
  17 demonic crawlers
  A tengu conjurer (D:15)
  3 freezing wraiths
  32 yaktaurs
  A red devil (Volcano)
  11 trolls
  A small abomination (Elf:3)
  5 polar bears
  A hornet (shapeshifter) (Vaults:5)
  37 jumping spiders
  A polar bear (shapeshifter) (Vaults:1)
  6 meliai
  13 bog bodies
  A shadow dragon simulacrum (Vaults:5)
  12 hornets
  Grinder (D:3)
  9 blink frogs
  149 slime creatures
  A dream sheep (shapeshifter) (D:14)
  9 hippogriffs
  10 tyrant leeches
  A dream sheep (Lair:5)
  5 shadows
  67 redbacks
  A redback (shapeshifter) (Vaults:5)
  23 tarantellas
  3 air elementals
  10 wyverns
  A spriggan (shapeshifter) (D:14)
  2 tarantellas (shapeshifter) (Vaults:2)
  49 yaks
  7 water elementals
  9 wraiths
  A vampire (D:14)
  3 basilisks
  11 golden eyes (Slime:1)
  3 hungry ghosts
  Menkaure (D:7)
  15 swamp worms
  5 wargs
  9 vampire mosquitoes
  14 insubstantial wisps
  An acid dragon (D:11)
  24 water moccasins
  4 hell hounds
  29 orc warriors
  5 porcupines
  Purgy (Sewer)
  7 sky beasts
  5 swamp drakes
  2 hornet zombies
  An ice beast (shapeshifter) (Vaults:5)
  7 eyes of draining
  5 black bears
  2 necrophages
  23 ogres
  A boggart (Vaults:3)
  11 ice beasts
  8 phantoms
  23 wolves
  10 centaurs
  14 crocodiles
  8 big kobolds
  Blork the orc (D:5)
  An elf zombie (Ossuary)
  19 bullfrogs
  2 wyvern zombies (D:13)
  A gnoll sergeant (D:11)
  3 earth elementals
  8 scorpions
  8 killer bees
  3 troll zombies (D:12)
  7 wights
  5 electric eels
  5 crimson imps
  A human simulacrum (Vaults:2)
  6 centaur zombies
  2 bullfrog zombies
  A quasit (D:12)
  3 jellies
  3 hounds
  20 orc priests
  3 bullfrog skeletons
  A gnoll shaman (D:6)
  38 orc wizards
  4 centaur skeletons
  5 iguanas
  Ijyb (D:3)
  12 worker ants
  5 ogre zombies (D:12)
  3 mummies (Ossuary)
  A worker ant zombie (D:5)
  2 howler monkey zombies
  8 gnolls
  13 adders
  2 shadow imps
  8 white imps
  An ufetubus (IceCv)
  4 worms
  10 leopard geckos
  92 orcs
  A ball python (D:3)
  2 giant cockroaches
  8 goblins
  15 hobgoblins
  25 jackals
  8 quokkas
  11 bats
  5 frilled lizards
  A goblin skeleton (D:12)
  11 goblin zombies
  4 hobgoblin skeletons (D:12)
  7 hobgoblin zombies
  28 kobolds
  2 kobold zombies (Ossuary)
  3 orc skeletons (D:12)
  10 orc zombies
  7 rats
  5 briar patches (Swamp:4)
  A bush (D:11)
  2 fungi (Lair:6)
  13 plants
2022 creatures vanquished.

Vanquished Creatures (others)
  An ogre (Vaults:5)
  5 white imps (IceCv)
  8 ufetubi (IceCv)
  5 fungi
  8 plants
27 creatures vanquished.

Grand Total: 2049 creatures vanquished

Notes
Turn   | Place    | Note
-------+----------+-------------------------------------------
     0 | D:1      | DasRunzen the Minotaur Fighter began the quest for the Orb.
     0 | D:1      | Reached XP level 1. HP: 19/19 MP: 0/0
   384 | D:1      | Reached XP level 2. HP: 26/27 MP: 1/1
   513 | D:1      | Reached skill level 4 in Fighting
   595 | D:1      | Reached XP level 3. HP: 15/33 MP: 2/2
  1350 | D:2      | Reached XP level 4. HP: 38/41 MP: 3/3
  1681 | D:2      | Reached XP level 5. HP: 42/47 MP: 4/4
  1974 | D:3      | Found a glowing drain.
  2012 | Sewer    | Entered a sewer
  2110 | Sewer    | Noticed Purgy
  2115 | Sewer    | Killed Purgy
  2115 | Sewer    | Reached skill level 5 in Fighting
  2115 | Sewer    | Reached skill level 5 in Armour
  2115 | Sewer    | Reached skill level 5 in Shields
  2159 | D:3      | Found a hide-covered altar of Uskayaw.
  2277 | D:3      | Reached XP level 6. HP: 54/56 MP: 5/5
  2338 | D:3      | Noticed a sky beast
  2344 | D:3      | Killed a sky beast
  2485 | D:3      | Noticed Grinder
  2493 | D:3      | Noticed Ijyb
  2890 | D:3      | Killed Ijyb
  2907 | D:3      | Paralysed by Grinder for 5 turns
  3273 | D:3      | Paralysed by Grinder for 5 turns
  3281 | D:3      | Killed Grinder
  3281 | D:3      | Reached skill level 5 in Axes
  3281 | D:3      | Reached XP level 7. HP: 21/62 MP: 6/6
  3445 | D:3      | Reached skill level 6 in Fighting
  3659 | D:3      | Gained mutation: You are agile. (Dex +2) [potion of
                  | mutation]
  3659 | D:3      | Gained mutation: You are very agile. (Dex +4) [potion of
                  | mutation]
  3659 | D:3      | Gained mutation: Your muscles are strong. (Str +2) [potion
                  | of mutation]
  3862 | D:4      | Found a staircase to the Ecumenical Temple.
  3884 | Temple   | Entered the Ecumenical Temple
  3897 | Temple   | Became a worshipper of Warmaster Okawaru
  4023 | D:4      | Reached XP level 8. HP: 49/71 MP: 7/7
  4196 | D:4      | Reached skill level 1 in Invocations
  4732 | D:5      | Entered Level 5 of the Dungeon
  4761 | D:5      | Reached skill level 7 in Fighting
  4789 | D:5      | Reached * piety under Okawaru
  4867 | D:5      | Found a sand-covered staircase.
  4872 | Ossuary  | Entered an ossuary
  5271 | Ossuary  | Got a smoking bronze ring
  5272 | Ossuary  | Identified the ring "Ketaar" {*Slow rElec rF++ rN+ Stlth+}
                  | (You found it in an ossuary)
  5678 | D:5      | Found a glowing silver altar of Zin.
  5745 | D:5      | Noticed Blork the orc
  5754 | D:5      | Killed Blork the orc
  5754 | D:5      | Reached XP level 9. HP: 80/80 MP: 10/10
  6916 | D:7      | Reached ** piety under Okawaru
  6916 | D:7      | Reached skill level 8 in Fighting
  7038 | D:7      | Noticed Menkaure
  7043 | D:7      | Killed Menkaure
  7073 | D:7      | Found a sacrificial altar of Ru.
  7267 | D:7      | Noticed Joseph
  7270 | D:7      | Found a burning altar of Makhleb.
  7275 | D:7      | Killed Joseph
  7275 | D:7      | Reached *** piety under Okawaru
  7897 | D:8      | Noticed a troll
  7900 | D:8      | Reached XP level 10. HP: 90/90 MP: 12/12
  7906 | D:8      | Reached skill level 9 in Fighting
  7906 | D:8      | Reached skill level 5 in Invocations
  7950 | D:8      | Reached **** piety under Okawaru
  8126 | D:8      | Noticed Gastronok
  8140 | D:8      | Killed Gastronok
  8140 | D:8      | Reached ***** piety under Okawaru
  8444 | D:8      | Found a blossoming altar of Fedhas.
  8967 | D:9      | Reached skill level 10 in Fighting
  9184 | D:9      | Found a burning altar of Makhleb.
  9219 | D:9      | Found a staircase to the Lair.
  9224 | D:9      | Reached skill level 10 in Armour
  9231 | D:9      | Reached skill level 10 in Shields
  9236 | D:9      | Reached XP level 11. HP: 56/99 MP: 14/14
  9367 | D:9      | Found a snail-covered altar of Cheibriados.
  9661 | Lair:1   | Entered Level 1 of the Lair of Beasts
  9727 | Lair:1   | Reached skill level 10 in Axes
  9959 | Lair:1   | Received a gift from Okawaru
  9979 | Lair:1   | Identified a +2 pair of boots of running (Okawaru gifted it
                  | to you on level 1 of the Lair of Beasts)
 10837 | Lair:2   | Found a staircase to the Swamp.
 10999 | Lair:2   | Found a hole to the Spider Nest.
 11042 | Lair:2   | Reached skill level 11 in Fighting
 11157 | Lair:2   | Noticed a seven-headed hydra
 11163 | Lair:2   | Killed a seven-headed hydra
 11708 | Lair:3   | Reached XP level 12. HP: 48/110 MP: 16/16
 11836 | Lair:3   | Found a dark tunnel.
 11900 | Volcano  | Entered a volcano
 12022 | Volcano  | Received a gift from Okawaru
 12405 | Lair:3   | Reached ****** piety under Okawaru
 13351 | Lair:4   | Reached skill level 12 in Fighting
 13787 | Lair:5   | Noticed a death yak
 13806 | Lair:5   | Killed a death yak
 13988 | Lair:5   | Noticed a four-headed hydra
 14000 | Lair:5   | Killed a one-headed hydra
 14000 | Lair:5   | Received a gift from Okawaru
 14009 | Lair:5   | Got a pair of encrusted boots {god gift}
 14020 | Lair:5   | Identified the +0 pair of boots "Zuduof" {*Corrode rC++
                  | Regen+ Int+3} (Okawaru gifted it to you on level 5 of the
                  | Lair of Beasts)
 14054 | Lair:5   | You fall into a shaft and drop 1 floor!
 14054 | Lair:6   | Entered Level 6 of the Lair of Beasts
 14085 | Lair:6   | Reached XP level 13. HP: 93/119 MP: 18/18
 14576 | Lair:6   | Found a staircase to the Slime Pits.
 15098 | Lair:6   | Reached skill level 13 in Fighting
 15756 | Lair:6   | Reached skill level 10 in Invocations
 15930 | Lair:6   | Received a gift from Okawaru
 15944 | Lair:6   | Got a fine large shield {god gift}
 17298 | Lair:5   | Reached XP level 14. HP: 54/129 MP: 20/20
 17726 | D:10     | Entered Level 10 of the Dungeon
 17822 | D:10     | Identified the +4 large shield of Courage {MR++ SInv}
                  | (Okawaru gifted it to you on level 6 of the Lair of Beasts)
 18130 | D:10     | Noticed Psyche
 18136 | D:10     | Killed Psyche
 18191 | D:10     | Found a portal to a secret trove of treasure.
 18230 | D:10     | Noticed Erolcha
 18236 | D:10     | Killed Erolcha
 18339 | D:10     | Noticed Erica
 18349 | D:10     | Killed Erica
 18665 | D:11     | Got a sapphire whip
 18666 | D:11     | Identified the +6 whip of the Nine Orbs {freeze, Dex+4}
                  | (You found it on level 11 of the Dungeon)
 18783 | D:11     | Identified a scroll of acquirement
 19104 | D:11     | Received a gift from Okawaru
 19108 | D:11     | Got a slimy cloak {god gift}
 19122 | D:11     | Identified the +0 cloak "Juituef" {rElec Regen+ Dex-5
                  | Slay+5} (Okawaru gifted it to you on level 11 of the
                  | Dungeon)
 19758 | D:12     | Reached skill level 14 in Fighting
 19811 | D:12     | Found a staircase to the Orcish Mines.
 20003 | Orc:1    | Entered Level 1 of the Orcish Mines
 20189 | Orc:2    | Entered Level 2 of the Orcish Mines
 20189 | Orc:2    | Found a staircase to the Elven Halls.
 20258 | Orc:1    | Noticed Snorg
 20268 | Orc:1    | Killed Snorg
 20349 | Orc:1    | Noticed an orc warlord
 20365 | Orc:1    | Killed an orc warlord
 20447 | Orc:1    | Found Bamont's Distillery.
 20456 | Orc:1    | Bought a potion of heal wounds for 80 gold pieces
 20649 | Orc:2    | Found Hanuph's Armour Shoppe.
 21086 | Orc:2    | Received a gift from Okawaru
 21100 | Orc:2    | Paralysed by an orc sorcerer for 4 turns
 21181 | Orc:2    | Noticed a stone giant
 21188 | Orc:2    | Killed a stone giant
 21289 | Orc:2    | Found Ehik's Assorted Antiques.
 21289 | Orc:2    | Found Bocan's Book Emporium.
 21291 | Orc:2    | Found Waqeh's Distillery.
 21291 | Orc:2    | Found Fuovamal's Antique Weapon Boutique.
 21302 | Orc:2    | Bought a scroll of enchant weapon for 157 gold pieces
 21302 | Orc:2    | Bought a scroll of enchant armour for 157 gold pieces
 21302 | Orc:2    | Bought a scroll of enchant armour for 157 gold pieces
 21854 | D:13     | Reached XP level 15. HP: 133/139 MP: 22/22
 22612 | D:14     | Noticed Frances
 22624 | D:14     | Killed Frances
 22624 | D:14     | Received a gift from Okawaru
 22627 | D:14     | Got a jewelled plate armour {god gift}
 22628 | D:14     | Identified the +3 plate armour "Veyfuch" {rElec Dex+2
                  | Slay+2} (Okawaru gifted it to you on level 14 of the
                  | Dungeon)
 22638 | D:14     | Found a gate to the Vaults.
 22962 | D:15     | Entered Level 15 of the Dungeon
 22991 | D:15     | Reached skill level 15 in Fighting
 22991 | D:15     | Reached skill level 15 in Armour
 23016 | D:15     | Noticed Josephine
 23023 | D:15     | Killed Josephine
 23114 | D:15     | Reached skill level 15 in Axes
 23115 | D:15     | Found a staircase to the Depths.
 23116 | D:15     | Found a shimmering blue altar of Sif Muna.
 23572 | Swamp:1  | Entered Level 1 of the Swamp
 23992 | Swamp:1  | Received a gift from Okawaru
 23999 | Swamp:1  | Got a heavily runed plate armour {god gift}
 24000 | Swamp:1  | Identified the +8 plate armour of the Salmon {Int+6}
                  | (Okawaru gifted it to you on level 1 of the Swamp)
 24173 | Swamp:1  | Got a scorched pewter ring
 24290 | Swamp:1  | Identified the ring of Feyleaqu {rElec rC+ MR- EV+6 Slay+6}
                  | (You found it on level 1 of the Swamp)
 24347 | Swamp:2  | Reached XP level 16. HP: 129/150 MP: 24/24
 24362 | Swamp:2  | Noticed a thorn hunter
 24375 | Swamp:2  | Killed a thorn hunter
 24691 | Swamp:2  | Reached skill level 16 in Fighting
 25214 | Swamp:3  | Found a runed translucent door.
 25352 | Swamp:3  | Received a gift from Okawaru
 26016 | Swamp:4  | Entered Level 4 of the Swamp
 26055 | Swamp:4  | Noticed a thorn hunter
 26067 | Swamp:4  | Killed a thorn hunter
 26162 | Swamp:4  | Noticed a tentacled monstrosity
 26175 | Swamp:4  | Killed a tentacled monstrosity
 26394 | Swamp:4  | Reached skill level 17 in Fighting
 26531 | Swamp:4  | Noticed a tentacled monstrosity
 26540 | Swamp:4  | Killed a tentacled monstrosity
 26611 | Swamp:4  | Received a gift from Okawaru
 26611 | Swamp:4  | Reached XP level 17. HP: 162/162 MP: 26/26
 26652 | Swamp:4  | Got a decaying rune of Zot
 26917 | Spider:1 | Entered Level 1 of the Spider Nest
 27228 | Spider:1 | Reached skill level 18 in Fighting
 27345 | Spider:1 | Received a gift from Okawaru
 28515 | Spider:4 | Entered Level 4 of the Spider Nest
 28554 | Spider:4 | Reached skill level 19 in Fighting
 28817 | Spider:4 | Received a gift from Okawaru
 28864 | Spider:4 | Found a frozen archway.
 28868 | IceCv    | Entered an ice cave
 29337 | Spider:4 | Reached XP level 18. HP: 175/176 MP: 28/28
 29583 | Spider:4 | Received a gift from Okawaru
 29589 | Spider:4 | Got a dazzling crystal plate armour {god gift}
 29590 | Spider:4 | Identified the +7 crystal plate armour of Oga Cyoryto
                  | {Int+7 Dex+4 Stlth-} (Okawaru gifted it to you on level 4
                  | of the Spider Nest)
 29711 | Spider:4 | Reached skill level 15 in Invocations
 29722 | Spider:4 | Reached skill level 20 in Fighting
 29779 | Spider:4 | Got a gossamer rune of Zot
 29915 | Spider:4 | Found a runed translucent gate.
 29915 | Spider:4 | Found a runed translucent gate.
 29915 | Spider:4 | Found a runed translucent gate.
 29915 | Spider:4 | Noticed Sinomafy's ghost (journeyman GnWn)
 29926 | Spider:4 | Killed Sinomafy's ghost
 30182 | Vaults:1 | Entered Level 1 of the Vaults
 30997 | Vaults:1 | Received a gift from Okawaru
 31004 | Vaults:1 | Got a pair of jewelled gloves {god gift}
 31015 | Vaults:1 | Identified the +1 pair of gloves "Meixapag" {Regen+ Str-5
                  | Dex+8} (Okawaru gifted it to you on level 1 of the Vaults)
 31776 | Vaults:2 | You fall into a shaft and drop 1 floor!
 31777 | Vaults:3 | Noticed Mara
 31782 | Vaults:3 | Noticed DasRunzen's illusion
 31799 | Vaults:3 | Noticed DasRunzen's illusion
 31803 | Vaults:3 | Killed Mara
 31942 | Vaults:3 | Reached XP level 19. HP: 148/188 MP: 29/29
 31982 | Vaults:3 | Noticed a Brimstone Fiend
 31983 | Vaults:3 | Reached skill level 21 in Fighting
 32391 | Vaults:2 | Found a large runed translucent door.
 32391 | Vaults:2 | Found a large runed translucent door.
 32393 | Vaults:2 | Noticed Gall2222's ghost (adept HOFi)
 32502 | Vaults:2 | Noticed Margery
 32511 | Vaults:2 | Killed Margery
 32541 | Vaults:2 | Received a gift from Okawaru
 32746 | Vaults:2 | Found a staircase to the Crypt.
 32999 | Vaults:2 | Got a steaming war axe {god gift}
 33000 | Vaults:2 | Identified the +9 war axe of the Volcano {flame, Str+7
                  | Stlth+} (Okawaru gifted it to you on level 2 of the Vaults)
 33068 | Vaults:2 | Killed Gall2222's ghost
 34083 | Vaults:3 | Received a gift from Okawaru
 34801 | Vaults:4 | Reached skill level 15 in Shields
 34834 | Vaults:4 | Received a gift from Okawaru
 34849 | Vaults:4 | Reached XP level 20. HP: 162/199 MP: 31/31
 35130 | Vaults:4 | Received a gift from Okawaru
 35896 | Vaults:5 | Entered Level 5 of the Vaults
 35984 | Vaults:4 | Received a gift from Okawaru
 36025 | Vaults:4 | Reached skill level 22 in Fighting
 36598 | Vaults:5 | Received a gift from Okawaru
 36735 | Vaults:5 | Reached XP level 21. HP: 195/209 MP: 32/32
 36739 | Vaults:5 | Received a gift from Okawaru
 36952 | Vaults:5 | Found Osuomig's Antique Weapon Emporium.
 36997 | Vaults:5 | Identified the +11 hand axe of Rekyuh {flame, rElec rPois
                  | MR+ Int+3}
 37029 | Vaults:5 | Identified the cursed ring of Lies {rC+ Str+3 Dex-5 Stlth+}
 37216 | Vaults:5 | Got a silver rune of Zot
 37229 | Vaults:5 | Got a faintly glowing hunting sling
 37230 | Vaults:5 | Identified the +7 hunting sling of Doors {freeze, +Fly
                  | rElec rC- MR++} (You found it on level 5 of the Vaults)
 37312 | Vaults:5 | Received a gift from Okawaru
 37779 | Vaults:5 | Received a gift from Okawaru
 38114 | Elf:1    | Entered Level 1 of the Elven Halls
 38470 | Elf:1    | Reached skill level 23 in Fighting
 38492 | Elf:1    | Reached XP level 22. HP: 220/220 MP: 34/34
 38515 | Elf:1    | Found Leakla's Food Shoppe.
 38796 | Elf:1    | Received a gift from Okawaru
 38806 | Elf:1    | Identified the Guide on Confrontation
 38815 | Elf:1    | Got an ichor-stained crystal plate armour {god gift}
 38816 | Elf:1    | Identified the +3 crystal plate armour "Ruschos" {rC++
                  | rCorr Stlth-} (Okawaru gifted it to you on level 1 of the
                  | Elven Halls)
 39482 | Elf:2    | Found Irepaemma's Food Shop.
 39700 | Elf:2    | Found a runed translucent door.
 39846 | Elf:2    | Found a runed translucent door.
 40270 | Elf:3    | Entered Level 3 of the Elven Halls
 40373 | Elf:3    | Noticed Donald
 40382 | Elf:3    | Killed Donald
 40422 | Elf:3    | Found Sovud's Book Shop.
 40806 | Elf:3    | Noticed Bai Suzhen
 40816 | Elf:3    | Killed Bai Suzhen
 40939 | Elf:3    | Gained mutation: Your body sometimes deteriorates upon
                  | taking damage. [a cacodemon]
 41122 | Elf:3    | Received a gift from Okawaru
 41693 | Elf:3    | Found the +2 shield of Resistance {rF+ rC+ MR+}
 41726 | Elf:3    | Identified the Catalogue of Talismans and Poison
 41763 | Elf:3    | Found the ring of Phasing {EV+8}
 41770 | Elf:3    | Identified the amulet "Tulilaoq" {Spirit Dex+3}
 41807 | Elf:3    | Identified the Grimoire of the Lucky Snowflakes
 41828 | Elf:3    | Found the amulet of the Four Winds {rN+ MR+++ Clar}
 41872 | Elf:3    | Identified the Tome of Beguiling and Transformation
 41876 | Elf:3    | Identified Sif Muna's Disquisition on Dark Transformation
 42326 | Slime:1  | Entered Level 1 of the Pits of Slime
 42345 | Slime:1  | Reached XP level 23. HP: 228/228 MP: 35/35
 42572 | Slime:2  | Received a gift from Okawaru
 42720 | Slime:1  | Gained mutation: Your body often deteriorates upon taking
                  | damage. [a shining eye]
 42722 | Slime:1  | Gained mutation: You tend to lose your temper in combat. [a
                  | shining eye]
 42732 | Slime:1  | Gained mutation: You are occasionally teleported next to
                  | monsters. [a shining eye]
 42862 | Slime:1  | Gained mutation: You do not regenerate when monsters are
                  | visible. [a shining eye]
 43223 | Slime:3  | Gained mutation: You are frail. (-10% HP) [a shining eye]
 43225 | Slime:3  | Lost mutation: You are very agile. (Dex +4) [a shining eye]
 43505 | Slime:3  | Lost mutation: You are agile. (Dex +2) [a shining eye]
 43512 | Slime:3  | Received a gift from Okawaru
 43518 | Slime:3  | Got a pair of spiked gloves {god gift}
 43529 | Slime:3  | Identified the -4 pair of gloves of Muttered Phrases {MR+
                  | rCorr} (Okawaru gifted it to you on level 3 of the Pits of
                  | Slime)
 43713 | Slime:3  | Reached skill level 24 in Fighting
 43861 | Slime:5  | Entered Level 5 of the Pits of Slime
 43884 | Slime:5  | Gained mutation: You are clumsy. (Dex -2) [a shining eye]
 43885 | Slime:5  | Gained mutation: You are very frail. (-20% HP) [a shining
                  | eye]
 43886 | Slime:5  | Splashed by an acid blob's acid

Levels and vault maps discovered:
D:1:      dpeg_arrival_morbid_curiosity, layout_basic
D:2:      layout_basic, first_ration
D:3:      corexii_shack_village, layout_loops_ring, lemuel_crystal_altar,
          cheibrodos_sewer_entry_drain, uniq_ijyb, uniq_grinder
D:4:      layout_gridville, minmay_temple_entry_mist
D:5:      kennysheep_big_flooded_room, layout_basic,
          nicolae_overflow_crystal_walls, enter_ossuary_5, bh_walls_and_bars,
          uniq_blork_the_orc
D:6:      layout_gridville
D:7:      layout_gridville, nicolae_overflow_hidden_temple,
          overflow_temple_1_default, uniq_menkaure, uniq_joseph
D:8:      layout_basic, marbit_many_paths, blue_anna_alchemist
          [blue_anna_fruit_fields, blue_anna_fruit_fields],
          minmay_quadrilaterals, uniq_gastronok
D:9:      layout_basic, slow_altar_2, david_lair_generic, chequers_mini_garden,
          david_defended_altar_elf
D:10:     layout_basic, nicolae_trove_entry_crystal, uniq_psyche, uniq_erolcha,
          uniq_erica
D:11:     layout_gridville, minmay_hedge_maze, kennysheep_small_square
D:12:     layout_loops_ring, zombieorc2_lemuel
D:13:     layout_irregular_city
D:14:     layout_loops_cross, david_vaults_2, minivault_14, uniq_frances
D:15:     hangedman_depths_entry_civil_slaughter, layout_cave_pools,
          basic_altar, uniq_josephine
Temple:   compressed_dpeg_circular_temple
Lair:1:   layout_cave_pods, grunt_megastairs_4
Lair:2:   layout_loops_ring, skrybe_swamp_entry_bodies,
          spider_nest_entry_funnel_web, chequers_serial_rivers_micro_a,
          ice2_lemuel
Lair:3:   layout_chaotic_city, enter_volcano_3
Lair:4:   layout_cave_pods, grunt_forest_large_clearings
Lair:5:   layout_cave_shapes, minmay_shattered_shrine
Lair:6:   hangedman_lair_tendril_chambers, layout_loops_ring, slime_dummy,
          minmay_lair_oklob_chamber
Swamp:1:  layout_basic_swamp, hangedman_swamp_cone
Swamp:2:  layout_basic_swamp, evilmike_swamp_ruin_house_1,
          infiniplex_staircase_pool_2
Swamp:3:  gammafunk_mikee_crab_dinner, layout_basic_swamp,
          evilmike_swamp_ruin_wall, swamp_pool4
Swamp:4:  swamp_vile, layout_basic_swamp
Spider:1: layout_spider_delve
Spider:2: layout_spider_delve, einodemon_crawler_minivault
Spider:3: layout_spider_delve
Spider:4: grunt_spider_rune_circles, ebering_ghost_rock_garden,
          portal_ice_cave_entry_pillars_three
Slime:1:  layout_caves
Slime:2:  layout_caves
Slime:3:  layout_caves
Slime:4:  layout_caves
Slime:5
Orc:1:    layout_diamond_mine, serial_shops, shop, uniq_snorg
Orc:2:    grunt_orc_tribal_feast, layout_diamond_mine, serial_shops, shop
Elf:1:    eino_elf_arrival_shootout, layout_onion_city, serial_shops,
          shop_fountains, hangedman_elf_represent, minmay_elf_sorcery
Elf:2:    layout_gridlike, serial_shops, nicolae_shop_stone,
          kilobyte_rumbling_trees
Elf:3:    elf_hall, layout_geoelf_castle, serial_shops, shop_statue,
          uniq_donald, uniq_bai_suzhen
Vaults:1: hangedman_vaults_stream, vaults_room_door_hall, v_misc_31,
          grunt_vaults_bifocal, v_misc_13, ontoclasm_vaults_spin, v_pattern_3,
          vaults_room_fancy_cross, dpeg_vaults_monster_row,
          vaults_room_stairs_pillars, grunt_vaults_diagonal,
          ontoclasm_vaults_idyll, vaults_dpeg_ring, layout_vaults_omnicross
Vaults:2: ebering_vaults_ghost_disaster_area, vaults_room_octagon,
          ontoclasm_vaults_tryst, vaults_room_octagon,
          nicolae_vaults_ring_of_whatevers, vaults_mumra_chevron, v_pattern_1,
          vaults_dpeg_encased_lava, vaults_room_grid,
          nicolae_vaults_diagonal_hallway_7, nicolae_vaults_little_squares_5,
          minmay_crypt_entry_simple_box, hangedman_vaults_corner,
          nicolae_vaults_alarming, ontoclasm_vaults_loading_screen,
          ontoclasm_vaults_ligature, layout_vaults_maze_snakey, uniq_margery
Vaults:3: nicolae_vaults_rhombus_7, nicolae_vaults_triangles,
          hangedman_vaults_cutoff, v_misc_23, v_alt_pattern_5,
          hangedman_vaults_river_flow, layout_vaults_quadrants, uniq_mara
Vaults:4: grunt_vaults_focal, hangedman_vaults_maws, v_misc_15,
          nicolae_vaults_little_squares_6, hangedman_vaults_nails,
          vaults_room_guarded_vault, v_misc_10, vaults_room_fours, v_pattern_5,
          ontoclasm_vaults_pinch, layout_vaults_chaotic_city
Vaults:5

Skill      XL: |  1  2  3  4  5  6  7  8  9 10 11 12 13 14 15 16 17 18 19 20 21 22 23 |
---------------+----------------------------------------------------------------------+-----
Fighting       | 4 5 6 7 8 10 11 12 13 14 15 17 19 20 21 22 23 24 | 24.0
Armour         | 4 5 6 7 8 10 11 12 13 14 15 16 18 19 20 21 22 | 22.6
Shields        | 4 5 6 7 8 10 11 12 13 14 15 16 17 18 | 18.9
Axes           | 3 4 5 6 7 8 9 11 12 13 14 15 16 17 18 19 20 21 22 | 22.5
Invocations    | 3 4 6 7 9 10 11 12 13 14 15 16 17 18 19 | 19.1

Action                   |  1- 3 |  4- 6 |  7- 9 | 10-12 | 13-15 | 16-18 | 19-21 | 22-24 || total
-------------------------+-------+-------+-------+-------+-------+-------+-------+-------++-------
Melee: War axe           |   122 |   150 |   313 |   567 |    45 |       |   660 |   595 ||  2452
       Headbutt          |    13 |    21 |    84 |   193 |   261 |   238 |   275 |   185 ||  1270
       Unarmed           |       |    25 |       |       |       |       |       |       ||    25
       Battleaxe         |       |       |       |     3 |   847 |   878 |   100 |       ||  1828
Invok: Heroism           |       |       |       |       |     2 |     1 |     1 |       ||     4
Evoke: Wand              |       |       |       |     5 |       |       |       |       ||     5
  Use: Scroll            |     2 |     1 |    15 |     9 |    31 |    11 |     9 |     3 ||    81
       Potion            |       |     1 |     1 |       |     6 |       |       |       ||     8
  Eat: Chunk             |     2 |     3 |    15 |    15 |    18 |    18 |    20 |    10 ||   101
       Ration            |       |     1 |       |     1 |     5 |     2 |       |     2 ||    11
Armor: Scale mail        |    76 |    72 |    39 |       |       |       |       |       ||   187
       Plate armour      |       |       |   105 |   326 |   251 |       |       |       ||   682
       Gold dragon scale |       |       |       |       |   455 |   619 |   232 |   152 ||  1458
Dodge: Dodged            |    35 |    48 |    74 |   164 |   454 |   575 |   212 |    99 ||  1661
Block: Shield            |    71 |    66 |   192 |   402 |    35 |       |       |       ||   766
       Large shield      |       |       |       |       |       |       |   553 |   442 ||   995

Table legend:
 A = Non-vault XP
 B = Vault XP
 C = Vault XP percentage of total XP
 D = Non-vault monster count
 E = Vault monster count
 F = Vault count percentage of total count
                 A         B        C        D         E       F
            +---------+---------+-------+---------+---------+-------
      Total |  494192 |  426080 |  46.3 |    1362 |     640 |  32.0
            +---------+---------+-------+---------+---------+-------
        D:1 |      63 |       9 |  12.5 |      36 |       5 |  12.2
        D:2 |     146 |       0 |   0.0 |      25 |       0 |   0.0
        D:3 |     235 |     323 |  57.9 |      29 |      12 |  29.3
        D:4 |     921 |       0 |   0.0 |      23 |       0 |   0.0
        D:5 |     470 |     243 |  34.1 |      18 |       3 |  14.3
        D:6 |     323 |       0 |   0.0 |      12 |       0 |   0.0
        D:7 |     877 |     632 |  41.9 |      19 |       2 |   9.5
        D:8 |    1745 |    3230 |  64.9 |      35 |       9 |  20.5
        D:9 |    1579 |     679 |  30.1 |      31 |       5 |  13.9
       D:10 |    2327 |    2378 |  50.5 |      23 |       3 |  11.5
       D:11 |    4425 |     251 |   5.4 |      41 |       2 |   4.7
       D:12 |    7654 |     765 |   9.1 |      38 |      36 |  48.6
       D:13 |    6529 |       0 |   0.0 |      33 |       0 |   0.0
       D:14 |    9937 |    3736 |  27.3 |      36 |       4 |  10.0
       D:15 |    5672 |    6943 |  55.0 |      17 |      12 |  41.4
     Lair:1 |    2690 |     376 |  12.3 |      11 |       3 |  21.4
     Lair:2 |    3707 |    1754 |  32.1 |      16 |      13 |  44.8
     Lair:3 |    4642 |     311 |   6.3 |      23 |       2 |   8.0
     Lair:4 |    4751 |    2199 |  31.6 |      14 |      19 |  57.6
     Lair:5 |    6991 |    4266 |  37.9 |      24 |       9 |  27.3
     Lair:6 |    7986 |   11378 |  58.8 |      31 |      40 |  56.3
    Swamp:1 |   15451 |       0 |   0.0 |      36 |       0 |   0.0
    Swamp:2 |   19431 |       0 |   0.0 |      40 |       0 |   0.0
    Swamp:3 |    8058 |    7767 |  49.1 |      30 |      11 |  26.8
    Swamp:4 |   15803 |   18886 |  54.4 |      27 |      29 |  51.8
   Spider:1 |   16742 |       0 |   0.0 |      44 |       0 |   0.0
   Spider:2 |   11326 |    1913 |  14.4 |      38 |       7 |  15.6
   Spider:3 |   10459 |       0 |   0.0 |      19 |       0 |   0.0
   Spider:4 |   25656 |   23492 |  47.8 |      57 |      37 |  39.4
    Slime:1 |   28280 |       0 |   0.0 |      59 |       0 |   0.0
    Slime:2 |   21492 |       0 |   0.0 |      40 |       0 |   0.0
    Slime:3 |   24285 |       0 |   0.0 |      38 |       0 |   0.0
    Slime:4 |    5611 |       0 |   0.0 |      12 |       0 |   0.0
    Slime:5 |    4068 |       0 |   0.0 |       8 |       0 |   0.0
      Orc:1 |    4057 |    1101 |  21.3 |      26 |       1 |   3.7
      Orc:2 |    3836 |    7727 |  66.8 |      27 |      30 |  52.6
      Elf:1 |   26055 |   17953 |  40.8 |      38 |      26 |  40.6
      Elf:2 |   20665 |   28037 |  57.6 |      35 |      35 |  50.0
      Elf:3 |    5784 |   51048 |  89.8 |      14 |      33 |  70.2
   Vaults:1 |   14023 |   28313 |  66.9 |      23 |      41 |  64.1
   Vaults:2 |   17890 |   19653 |  52.3 |      38 |      18 |  32.1
   Vaults:3 |   23931 |   24541 |  50.6 |      49 |      19 |  27.9
   Vaults:4 |   33146 |   51208 |  60.7 |      48 |      55 |  53.4
   Vaults:5 |   64473 |   96315 |  59.9 |      81 |      69 |  46.0
      Sewer |       0 |     143 | 100.0 |       0 |       6 | 100.0
    Ossuary |       0 |     365 | 100.0 |       0 |      18 | 100.0
      IceCv |       0 |    6539 | 100.0 |       0 |      21 | 100.0
    Volcano |       0 |    1606 | 100.0 |       0 |       5 | 100.0
            +---------+---------+-------+---------+---------+-------
